 Dungeon Crawl Stone Soup version 0.31-a0-408-gb642c7f9a3 (webtiles) character file.

Game seed: 17656353461491702317

46 Gelion the Changeling (level 3, -1/24 HPs)
             Began as an Octopode Shapeshifter on July 30, 2023.
             Slain by a ball python (2 damage)
             ... on level 2 of the Dungeon.
             The game lasted 00:01:55 (1028 turns).

Gelion the Changeling (Octopode Shapeshifter)       Turns: 1028, Time: 00:01:55

Health: -1/24      AC:  1    Str: 14    XL:     3   Next: 68%
Magic:  3/3        EV: 13    Int: 10    God:
Gold:   60         SH:  0    Dex: 14    Spells: 2/2 levels left

rFire   . .          .
                       - Unarmed
rCold   . . .        (no shield)
rNeg    . . .        (helmet currently unavailable)
rPois   .            (no amulet)
rElec   .            (no ring)
rCorr   .            (no ring)
SInv    .            (no ring)
Will    .....        (no ring)
Stlth   ++           (no ring)
HPRegen 0.24/turn    (no ring)
MPRegen 0.08/turn    (no ring)
                     (no ring)

%: no passive effects
@: beast-form
A: beast (slay +2), almost no armour, amphibious, 8 rings, camouflage 1,
gelatinous body 1, (nimble swimmer 1), tentacles
a: Begin Untransformation


You were on level 2 of the Dungeon.
You were a hulking beast.
You visited 1 branch of the dungeon, and saw 2 of its levels.

You collected 60 gold pieces.

Inventory:

Talismans
 b - a beast talisman
Scrolls
 c - a scroll of teleportation {unknown}
 d - 2 scrolls of identify
 e - 2 scrolls of revelation {unknown}
 i - a scroll of vulnerability {unknown}
Potions
 a - a potion of lignification
 f - a potion of invisibility
 g - a potion of haste {unknown}
 h - a potion of curing {unknown}


   Skills:
 + Level 1.8 Fighting
 - Level 2.0 Dodging
 + Level 3.4 Unarmed Combat
 * Level 3.6 Shapeshifting


You had 2 spell levels left.
You didn't know any spells.
Your spell library was empty.

Dungeon Overview and Level Annotations

Branches:
Dungeon (2/15)

Altars:

Annotations:
D:2 Sigmund


Innate Abilities, Weirdness & Mutations

You are a hulking beast.
Your limbs bulge with bestial killing power. (Slay +2)
You cannot wear most types of armour.
You are amphibious.
You can wear up to eight rings at the same time.
Your skin changes colour to match your surroundings (Stealth+).
Your rubbery body absorbs attacks. (AC +1, EV +1)
((You are camouflaged when in or above water. (Stealth+)))
You have tentacles for arms and can constrict up to eight enemies at once.


Message History

i - a scroll labelled BAZUSCHOFFA
e - 2 scrolls labelled MUL BISUKLOAG (gained 1) Sigmund the Dreaded comes into view.
He is wielding a +0 scythe.
Sigmund is nearby!
Sigmund shouts!
You hear an angry hiss.
Sigmund casts a spell at you.
You are confused.
You are too confused!
You bump into the rock wall.
You bump into the rock wall.
Sigmund gestures at you while chanting. The puff of flame misses you.
A ball python comes into view.
You bump into the rock wall.
Sigmund points at you and mumbles some strange words.
The magic dart hits you.
You bump into the rock wall.
Sigmund barely misses you.
You feel less confused.
The ball python hisses angrily.
Sigmund closely misses you.
You tentacle-slap Sigmund. Your grab misses Sigmund. You squeeze Sigmund.
Sigmund is moderately wounded.
You bludgeon Sigmund! You grab Sigmund. You squeeze Sigmund, but do no damage.
Sigmund is heavily wounded.
You constrict Sigmund. Sigmund gestures at you while chanting.
The puff of flame hits you!
Ouch! That really hurt!
* * * LOW HITPOINT WARNING * * *
You tentacle-slap Sigmund.
Sigmund is heavily wounded.
You constrict Sigmund, but do no damage.
Sigmund hits you with a +0 scythe.
* * * LOW HITPOINT WARNING * * *
You tentacle-slap Sigmund but do no damage.
You squeeze Sigmund!
Sigmund is almost dead.
You constrict Sigmund, but do no damage.
The ball python bites you.
You die...

## # . . .# # # #. #
.##. .# ## #..#.#
#.##@S..## #+#
#.#h.###. #.#
#.##.#.#####.#
####.##.........######
#.......#.# #........#
#.##.#..#.###.....##.#
#.##.#..#.#..........#
#.##........#.#.#.#...
#.####..#.###.#.#.##.#
#.# #..#.###.#.#....#


You could see Sigmund and a ball python.

Vanquished Creatures
  An adder (D:2)
  A worm (D:2)
  A dart slug (D:2)
  4 ball pythons
  A bat (D:1)
  An endoplasm (D:1)
  A giant cockroach (D:1)
  2 goblins (D:1)
  2 hobgoblins
  6 jackals
  4 quokkas
  A frilled lizard (D:1)
  2 kobolds
  2 rats (D:1)
29 creatures vanquished.

Notes
Turn   | Place    | Note
-------+----------+-------------------------------------------
     0 | D:1      | Gelion the Octopode Shapeshifter began the quest for the
                  | Orb.
     0 | D:1      | Reached XP level 1. HP: 13/13 MP: 1/1
    85 | D:1      | Reached XP level 2. HP: 6/18 MP: 2/2
   560 | D:2      | Reached XP level 3. HP: 16/23 MP: 3/3
  1017 | D:2      | Noticed Sigmund
  1027 | D:2      | HP: 1/24 [Sigmund/+0 scythe (6)]
  1028 | D:2      | Slain by a ball python

Illustrated notes

Levels and vault maps discovered:
D:1:      saegor_arrival_simple_d, layout_rooms
D:2:      layout_loops_corners, uniq_crazy_yiuf_cottage, uniq_sigmund

Action                     || total
---------------------------++-------
  Melee: Unarmed           ||    56
         Constrict         ||    14
         Tentacles         ||     9
         Punch             ||     2
    Use: Scroll            ||     3
   Stab: Sleeping          ||     7
         Distracted        ||     1
 Armour: Skin              ||     5
  Dodge: Dodged            ||    34

Table legend: (Time is in decaauts)
 A = Elapsed time spent in this place.
 B = Non-inter-level travel time spent in this place.
 C = Inter-level travel time spent in this place.
 D = Time resting spent in this place.
 E = Time spent auto-exploring this place.
 F = Levels seen in this place.
 G = Mean time per level.
                   A        B        C        D        E       F      G
               +--------+--------+--------+--------+--------+-----+--------+
         Total |   1024 |   1011 |     13 |      0 |    825 |   2 |  512.0 |
       Dungeon |   1024 |   1011 |     13 |      0 |    825 |   2 |  512.0 |
               +--------+--------+--------+--------+--------+-----+--------+

Top non-repeatable levels by time:
     D:1: 551 daAuts
     D:2: 473 daAuts
